Map: Orbital Shipyard

Players

Swully

  • Race: Protoss Protoss
  • League: Diamond

LilDicky - Winner!

  • Race: Terran Terran
  • League: Diamond

VOD

http://www.twitch.tv/tumescentpie

Description

Time

  • Played on: Dec. 30, 2015, 10:31 p.m.
  • Length: 6:32
Show
View Real Time Build Order
Export as new Build Order

Swully Protoss 

Build Orders: 1 Gate Expand 

Get SALT Encoding   

  12  0:01  Probe (Chrono Boost)  
  13  0:11  Probe (Chrono Boost)  
  14  0:22  Probe (Chrono Boost), Pylon  
  15  0:40  Probe (Chrono Boost)  
  15  0:41  Gateway  
  16  0:48  Assimilator  
  16  0:50  Probe (Chrono Boost)  
  17  1:01  Probe (Chrono Boost)  
  18  1:12  Probe (Chrono Boost)  
  19  1:27  Nexus  
  19  1:34  Probe (Chrono Boost)  
  20  1:43  Cybernetics Core  
  20  1:48  Pylon  
  20  1:51  Probe (Chrono Boost)  
  21  2:04  Gateway  
  21  2:11  Probe (Chrono Boost), Assimilator  
  22  2:19  Warp Gate  
  22  2:22  Probe (Chrono Boost)  
  23  2:36  Probe (Chrono Boost)  
  24  2:39  Probe (Chrono Boost)  
  24  2:40  Adept  
  27  2:47  Mothership Core (Chrono Boost)  
  27  2:50  Probe (Chrono Boost)  
  30  2:51  Adept  
  32  3:00  Probe (Chrono Boost)  
  32  3:05  Probe (Chrono Boost)  
  34  3:14  Twilight Council  
  34  3:16  Pylon  
  34  3:18  Probe (Chrono Boost)  
  33  3:32  Robotics Facility  
  33  3:40  Assimilator x2  
  33  3:51  Probe (Chrono Boost)  
  33  3:52  Probe (Chrono Boost)  
  35  4:02  Probe (Chrono Boost)  
  36  4:15  Probe x2 (Chrono Boost)  
  38  4:19  Observer (Chrono Boost)  
  38  4:32  Probe  
  38  4:34  Probe  
  40  4:43  Probe  
  41  4:53  Probe, Immortal (Chrono Boost)  
  46  5:02  Probe  
  46  5:03  Adept x2  
  51  5:09  Nexus  
  51  5:10  Probe  
  51  5:13  Probe  
  52  5:19  Gateway  
  52  5:21  Gateway  
  53  5:24  Probe  
  54  5:34  Pylon  
  54  5:36  Pylon  
  54  5:51  Probe  
  53  5:58  Mothership Core  
  55  6:18  Probe  
  43  6:19  Probe  
Show
View Real Time Build Order
Export as new Build Order

LilDicky Terran - Winner!

Build Orders: MMM Bio 

Get SALT Encoding   

  12  0:01  SCV  
  13  0:13  SCV  
  14  0:18  Supply Depot  
  14  0:25  SCV  
  15  0:31  Refinery  
  15  0:40  SCV  
  16  0:47  Barracks  
  16  0:52  SCV  
  17  1:16  SCV  
  18  1:30  SCV  
  19  1:34  Marine  
  19  1:36  Supply Depot  
  19  1:37  Factory  
  20  1:42  Orbital Command  
  20  1:53  Marine  
  21  2:09  SCV, Barracks  
  22  2:15  Barracks  
  22  2:22  Marine  
  23  2:27  SCV  
  24  2:39  SCV  
  25  2:44  Widow Mine  
  25  2:48  Supply Depot, Marine  
  28  2:53  Refinery  
  28  2:56  SCV  
  30  3:01  Barracks Tech Lab  
  30  3:03  Barracks Tech Lab  
  29  3:10  Barracks Reactor  
  29  3:14  Widow Mine  
  31  3:25  Stimpack  
  31  3:26  Marine x2  
  33  3:27  SCV  
  33  3:29  Supply Depot  
  33  3:37  Combat Shields  
  33  3:43  Marine  
  33  3:44  Marine  
  35  3:51  Marine  
  35  3:52  Marine  
  35  3:54  SCV  
  36  4:00  Starport  
  36  4:01  Marine x2  
  38  4:06  SCV  
  38  4:07  Supply Depot  
  38  4:09  Marine  
  40  4:10  Widow Mine  
  40  4:15  Marine  
  43  4:18  SCV  
  43  4:22  Marine x2  
  46  4:30  Supply Depot, SCV  
  47  4:31  Marine  
  47  4:33  Marine  
  47  4:37  Medivac  
  51  4:42  SCV  
  50  4:52  Marine x3  
  50  4:54  Marine  
  52  5:05  Supply Depot  
  52  5:06  SCV  
  53  5:10  Marine x3  
  53  5:12  Marine  
  57  5:21  Medivac  
  57  5:25  SCV  
  57  5:28  Marine x3  
  62  5:30  Marine  
  64  5:38  Widow Mine  
  66  5:45  Marine  
  66  5:46  Marine  
  60  6:05  Marine x2  
Tags
 
Add a new tag
Caveats
  • Supply blocks, unpowered buildings, or Contaminate may cause inaccurate times.
  • Supply counts are checked every 10 seconds.